 Dungeon Crawl Stone Soup version 0.30-a0-800-g7c54460 (webtiles) character file.

Game seed: 6314127821789114368

70 Illumine the Trooper (level 4, 0/29 HPs)
             Began as a Gargoyle Fighter on Feb 21, 2023.
             Was an Initiate of the Shining One.
             Splashed by a jelly's acid (5 damage)
             ... on level 4 of the Dungeon.
             The game lasted 00:04:06 (2984 turns).

Illumine the Trooper (Gargoyle Fighter)             Turns: 2984, Time: 00:04:07

Health: 0/29       AC:  3    Str: 21    XL:     4   Next: 22%
Magic:  4/4        EV:  9    Int:  9    God:    the Shining One [......]
Gold:   81         SH:  4    Dex:  9    Spells: 3/3 levels left

rFire   . . .      SeeInvis .    a - +0 flail
rCold   . . .      Faith    .    c - +0 buckler
rNeg    + . .      Spirit   .    g - +0 scale mail
rPois   ∞          Reflect  .    (no helmet)
rElec   +          Harm     .    A - scarf {shadows}
rCorr   .          Rampage  .    (no gloves)
Will    .....                    y - +0 pair of boots Stlth
                                 z - amulet of regeneration
HPRegen 1.04/turn                (no ring)
MPRegen 0.09/turn                (no ring)

@: corroded, glowing
A: sickness immunity, AC +3, negative energy resistance 1, electricity
resistance, torment resistance 1, petrification resistance
a: Renounce Religion


You were on level 4 of the Dungeon.
You worshipped the Shining One.
The Shining One was noncommittal.
You visited 2 branches of the dungeon, and saw 5 of its levels.

You collected 107 gold pieces.
You spent 26 gold pieces at shops.

Inventory:

Hand Weapons
 a - a +0 flail (weapon)
 b - a +0 sling
Missiles
 t - 6 poisoned darts
 v - a throwing net
Armour
 c - a +0 buckler (worn)
 g - a +0 scale mail (worn)
 y - a +0 pair of boots (worn)
 A - a scarf of shadows (worn)
Jewellery
 z - an amulet of regeneration (around neck)
Wands
 q - a wand of flame (28)
Scrolls
 h - 5 scrolls of teleportation
 i - 2 scrolls of enchant weapon {unknown}
 j - a scroll of silence {unknown}
 k - 2 scrolls of fog
 m - 2 scrolls of poison {unknown}
 n - a scroll of vulnerability {unknown}
 o - 2 scrolls of noise {unknown}
 p - 2 scrolls of amnesia {unknown}
 r - a scroll of magic mapping {unknown}
 u - a scroll of acquirement {unknown}
 x - a scroll of immolation {unknown}
 B - a scroll of blinking {unknown}
Potions
 d - a potion of might
 e - 2 potions of curing
 f - 3 potions of brilliance {unknown}
 l - a potion of mutation {unknown}
 s - a potion of attraction {unknown}
 w - 2 potions of berserk rage


   Skills:
 + Level 3.8 Fighting
 * Level 3.1 Maces & Flails
 + Level 3.7 Armour
 + Level 3.7 Shields


You had 3 spell levels left.
You didn't know any spells.
Your spell library was empty.

Dungeon Overview and Level Annotations

Branches:
Dungeon (4/15)             Temple (1/1) D:4

Altars:
Fedhas
Hepliaklqana
Makhleb
Nemelex Xobeh
Trog
Uskayaw
Wu Jian
Xom
Yredelemnul
Zin
The Shining One

Shops:
D:3 ?


Innate Abilities, Weirdness & Mutations

You are immune to sickness and miasma.
Your stone body is resilient. (AC +3)
You are immune to poison.
You resist negative energy. (rN+)
You are resistant to electric shocks. (rElec)
You are resistant to unholy torment.
You are immune to petrification.


Message History

You enter the shallow water.
Moving in this stuff is going to be slow.
There is a glowing golden altar of the Shining One here.
You enter the shallow water.
Moving in this stuff is going to be slow.
You enter the shallow water.
Moving in this stuff is going to be slow.
You enter the shallow water.
Moving in this stuff is going to be slow.
You enter the shallow water.
Moving in this stuff is going to be slow.
There is a blossoming altar of Fedhas here.
There is an ornate altar of the Wu Jian Council here.
You enter the shallow water.
Moving in this stuff is going to be slow.
Done exploring.
Search for what [Enter for "boot", or ? for help]? shining You enter the shallow water.
Moving in this stuff is going to be slow.
There is a glowing golden altar of the Shining One here.
You kneel at the altar of the Shining One.
The Shining One welcomes you!
There is a staircase back to the Dungeon here.
You climb upwards.
Welcome back to the Dungeon!
There is a staircase to the Ecumenical Temple here.
Found a stone staircase leading up.
A jelly comes into view.
The jelly quivers.
A jelly is nearby!
You barely miss the jelly. You block the jelly's attack.
You sock the jelly!
Your hands burn!
The jelly is heavily wounded.
The jelly hits you. The acid corrodes you!
You are splashed with acid!
The jelly closely misses you.
You hit the jelly. The acid corrodes you!
Your hands burn!
The jelly is severely wounded.
The jelly hits you.
You are splashed with acid!
* * * LOW HITPOINT WARNING * * *
You hit the jelly but do no damage.
Your hands burn!
You die...

#.# #.# #.# #.# ...
#.# .<.####J##
###......@.#### .
..............#
..###.......#.#####
.............#
#....#.#....#
#..#.#.#...#
#######.#.#.#.#.##
....#...#.>.#..##
.#...#..#.#.#(#[...


You could see a jelly.

Vanquished Creatures
  An adder (D:3)
  A worm (D:3)
  A dart slug (D:1)
  2 orcs (D:3)
  5 ball pythons
  3 bats
  7 endoplasms
  3 giant cockroaches
  6 goblins
  6 hobgoblins
  A quokka (D:1)
  3 frilled lizards
  4 kobolds
  6 rats
49 creatures vanquished.

Notes
Turn   | Place    | Note
-------+----------+-------------------------------------------
     0 | D:1      | Illumine the Gargoyle Fighter began the quest for the Orb.
     0 | D:1      | Reached XP level 1. HP: 14/14 MP: 1/1
   213 | D:1      | Reached XP level 2. HP: 18/19 MP: 2/2
   442 | D:1      | Reached XP level 3. HP: 23/23 MP: 3/3
  1005 | D:2      | Found a faded altar of an unknown god.
  2232 | D:3      | Reached XP level 4. HP: 24/29 MP: 4/4
  2351 | D:3      | Found Migaxamn's Magic Scroll Boutique.
  2358 | D:3      | Bought a scroll of identify for 26 gold pieces
  2738 | D:4      | Identified the +1 leather armour of the Maze {rN+}
  2739 | D:4      | Found a staircase to the Ecumenical Temple.
  2754 | Temple   | Entered the Ecumenical Temple
  2955 | Temple   | Became a worshipper of the Shining One
  2984 | D:4      | Splashed by a jelly's acid

Illustrated notes

Levels and vault maps discovered:
D:1:      eino_arrival_tree_alley, layout_loops_ring
D:2:      layout_loops_ring, dreamdust_ecumenical_altar_statues
D:3:      layout_basic, serial_shops, shop, grunt_ministairs_4
D:4:      layout_rooms, nicolae_qazlal_scattered_showers,
          minmay_temple_entry_grid
Temple:   nicolae_temple_bog_church

Skill      XL: |  1  2  3 |
---------------+----------+-----
Maces & Flails | 3 |  3.1
Fighting       | |  3.8
Armour         | |  3.7
Shields        | |  3.7

Action                     |  1- 3 |  4- 6 || total
---------------------------+-------+-------++-------
  Melee: Flail             |   172 |    31 ||   203
   Fire: Sling             |    18 |       ||    18
    Use: Scroll            |       |     4 ||     4
 Armour: Scale mail        |    84 |    10 ||    94
  Dodge: Dodged            |   107 |    10 ||   117
  Block: Buckler           |    35 |     8 ||    43

Table legend: (Time is in decaauts)
 A = Elapsed time spent in this place.
 B = Non-inter-level travel time spent in this place.
 C = Inter-level travel time spent in this place.
 D = Time resting spent in this place.
 E = Time spent auto-exploring this place.
 F = Levels seen in this place.
 G = Mean time per level.
                   A        B        C        D        E       F      G
               +--------+--------+--------+--------+--------+-----+--------+
         Total |   3057 |   2890 |    167 |      0 |   2287 |   5 |  611.4 |
       Dungeon |   2833 |   2694 |    139 |      0 |   2107 |   4 |  708.2 |
        Temple |    224 |    196 |     28 |      0 |    180 |   1 |  224.0 |
               +--------+--------+--------+--------+--------+-----+--------+

Top non-repeatable levels by time:
     D:3: 1201 daAuts
     D:1: 811 daAuts
     D:2: 717 daAuts
  Temple: 224 daAuts
     D:4: 102 daAuts
